Map: [ESL] Ancient Cistern

Players

Cure

  • Race: Terran Terran
  • Spawn Location: 7:00

Clem - Winner!

  • Race: Terran Terran
  • Spawn Location: 1:00

Event: ESL SC2 Masters 2023 Summer (Finals)

VOD

Have the link to the VOD?

Description

Time

  • Played on: June 16, 2023, 1:39 p.m.
  • Length: 22:06

All games in this series

Show
View Real Time Build Order
Export as new Build Order

Cure Terran 

Build Orders:  

Get SALT Encoding   

  12  0:00  SCV  
  13  0:12  SCV  
  14  0:17  Supply Depot  
  14  0:24  SCV  
  15  0:38  SCV  
  15  0:39  Barracks  
  16  0:44  Refinery  
  16  0:50  SCV  
  17  0:58  Barracks  
  17  1:02  SCV  
  18  1:14  SCV  
  19  1:18  Barracks  
  19  1:25  Refinery  
  19  1:27  Reaper  
  20  1:40  Supply Depot  
  20  1:46  Reaper  
  21  1:53  Orbital Command  
  21  1:59  Reaper  
  22  2:06  Reaper  
  23  2:18  Reaper  
  23  2:20  SCV  
  25  2:27  Supply Depot  
  25  2:31  Reaper  
  25  2:33  SCV  
  27  2:38  Reaper  
  28  2:45  SCV  
  28  2:50  Reaper  
  30  2:57  SCV  
  31  3:04  Reaper  
  32  3:10  Reaper  
  33  3:14  Command Center  
  33  3:16  SCV  
  33  3:19  Supply Depot  
  34  3:23  Reaper  
  35  3:31  SCV  
  34  3:39  Reaper  
  32  3:43  SCV  
  32  3:48  Reaper, Factory  
  32  3:55  SCV  
  33  3:59  Reaper  
  33  4:01  Refinery  
  34  4:07  SCV  
  35  4:19  Bunker, Barracks Reactor, SCV  
  35  4:21  Barracks Tech Lab  
  36  4:25  Orbital Command  
  36  4:31  SCV  
  36  4:33  Barracks Tech Lab  
  37  4:38  Starport  
  37  4:39  Marine  
  37  4:43  SCV  
  37  4:44  Stimpack  
  39  4:51  Factory Reactor  
  39  4:52  SCV  
  40  4:53  Marine  
  40  4:56  SCV, Marine  
  40  4:57  Marine x2  
  45  5:04  SCV  
  44  5:08  SCV  
  44  5:13  Marine  
  42  5:14  Marine  
  42  5:15  Combat Shield  
  42  5:16  Marine, SCV  
  42  5:17  Marine  
  42  5:20  SCV  
  48  5:28  SCV  
  48  5:32  SCV  
  48  5:33  Marine x2  
  48  5:34  Marine x2  
  53  5:40  SCV  
  54  5:43  Command Center  
  54  5:44  Supply Depot  
  54  5:45  Medivac x2  
  54  5:47  SCV  
  59  5:52  Engineering Bay  
  59  5:54  SCV  
  59  5:56  Engineering Bay  
  60  6:00  SCV  
  60  6:03  Marine  
  58  6:05  Marine  
  58  6:06  SCV  
  58  6:10  Marine  
  58  6:14  SCV  
  57  6:18  SCV  
  57  6:20  Terran Infantry Weapons Level 1  
  57  6:22  Marine  
  57  6:23  Marine  
  60  6:26  SCV  
  60  6:28  Marine  
  60  6:31  SCV  
  62  6:33  Terran Infantry Armor Level 1  
  62  6:36  Barracks Reactor  
  62  6:38  SCV  
  63  6:40  Marine  
  63  6:41  Marine  
  63  6:42  Siege Tank  
  63  6:43  Supply Depot  
  68  6:47  Supply Depot  
  68  6:48  Marine  
  68  6:50  SCV  
  70  6:55  SCV  
  70  6:59  Orbital Command, Refinery  
  72  7:03  SCV  
  72  7:07  SCV  
  73  7:10  Barracks  
  73  7:12  Barracks  
  73  7:15  Armory, SCV  
  73  7:19  SCV  
  73  7:22  Marine, Siege Tank  
  79  7:23  Marine  
  79  7:29  Marine x3  
  83  7:32  SCV x2  
  83  7:34  SCV  
  83  7:37  Medivac  
  86  7:40  Marine  
  84  7:44  SCV x2  
  84  7:46  SCV  
  84  7:50  Marine x3, Missile Turret  
  89  7:53  Marine  
  89  7:54  Missile Turret  
  89  7:56  Supply Depot  
  89  8:00  SCV x3  
  89  8:02  Barracks Reactor x2  
  92  8:11  Siege Tank  
  92  8:12  SCV x3  
  98  8:18  Marine, Supply Depot  
  99  8:20  Marine  
  99  8:21  Marine, Supply Depot  
  99  8:24  SCV  
  99  8:25  Marine x2  
  99  8:27  SCV x2  
  106  8:35  Terran Infantry Weapons Level 2  
  106  8:36  SCV  
  106  8:37  Terran Infantry Armor Level 2  
  106  8:39  SCV x2  
  109  8:43  Supply Depot  
  109  8:45  Supply Depot  
  109  8:51  Barracks Reactor  
  109  8:52  Marine x3  
  109  8:53  Marine x3  
  109  8:55  Marine x2, Siege Tank  
  113  8:57  SCV x2  
  113  8:59  SCV  
  118  9:04  Medivac  
  118  9:05  Supply Depot  
  120  9:10  SCV x2, Marine  
  120  9:11  SCV  
  120  9:14  Refinery  
  120  9:15  Refinery, Factory  
  124  9:18  Medivac  
  124  9:21  Marine x6  
  128  9:26  SCV  
  128  9:27  SCV x2  
  127  9:32  Marine x4  
  127  9:37  Siege Tank  
  127  9:39  Marine x3  
  127  9:40  SCV x2, Terran Vehicle Weapons Level 1  
  127  9:43  SCV  
  133  9:46  Medivac  
  133  9:48  Marine x3, Medivac  
  133  9:49  Marine  
  130  9:54  Marine x3  
  130  9:57  Marine x3  
  130  9:59  Siege Tank  
  136  10:06  Marine  
  137  10:15  Sensor Tower, Siege Tank  
  137  10:18  Supply Depot  
  137  10:22  Marine x4, Command Center  
  137  10:23  Marine  
  137  10:24  Marine x2  
  144  10:31  Medivac x2  
  144  10:34  Marine  
  149  10:38  Marine x2  
  149  10:40  Marine  
  149  10:42  Supply Depot  
  149  10:45  Supply Depot  
  149  10:49  Siege Tank x2  
  154  10:52  Marine x3  
  157  11:02  SCV  
  157  11:03  Marine  
  157  11:04  SCV x2  
  160  11:07  Sensor Tower  
  159  11:11  Marine x6  
  159  11:13  Medivac  
  159  11:14  Medivac  
  159  11:15  Marine x3  
  172  11:27  Supply Depot  
  172  11:28  Supply Depot  
  172  11:29  Supply Depot  
  171  11:33  Marine x5, Siege Tank x2  
  171  11:36  Planetary Fortress  
  181  11:43  Medivac  
  181  11:46  Barracks x2  
  180  11:48  Barracks, Marine x5  
  180  11:51  Marine  
  180  11:57  Marine x4  
  179  12:04  Viking  
  179  12:05  Siege Tank x2  
  179  12:06  Marine x4  
  189  12:13  Viking  
  189  12:14  Terran Infantry Weapons Level 3  
  189  12:20  Terran Infantry Armor Level 3  
  188  12:22  Marine x2  
  188  12:23  Marine x4  
  188  12:29  Marine x4  
  196  12:34  Command Center  
  198  12:40  Barracks Reactor  
  198  12:41  Terran Vehicle Weapons Level 2, Barracks Reactor  
  198  12:56  Siege Tank  
  192  13:05  Marine x5  
  143  13:09  Marine x6  
  137  13:14  SCV x2  
  137  13:15  SCV  
  137  13:17  Marine x4  
  141  13:20  Medivac x2  
  141  13:23  Marine x5  
  141  13:26  Marine x4  
  141  13:27  Marine x2  
  155  13:35  Marine x4  
  155  13:38  SCV  
  155  13:39  SCV x3  
  160  13:45  Siege Tank  
  160  13:48  Siege Tank  
  166  13:49  Marine  
  166  13:50  SCV, Medivac x2  
  166  13:51  SCV x2  
  160  14:05  Marine x6  
  160  14:09  Marine x4  
  166  14:20  Siege Tank x2  
  171  14:27  Medivac x2  
  171  14:30  Marine x6  
  178  14:33  Orbital Command  
  178  14:34  Marine x4  
  182  14:45  Missile Turret  
  181  14:46  Marine  
  181  14:47  Marine x4  
  181  14:48  Marine  
  181  14:51  Marine x5  
  181  14:52  Marine  
  193  14:56  Siege Tank x2  
  193  14:57  Marine  
  199  15:15  Marine  
  197  15:28  Marine x3  
  197  15:34  Command Center  
  193  15:36  Marine x6  
  193  15:42  Medivac x2  
  182  15:43  Siege Tank x2  
  182  15:44  Marine x6  
  182  15:48  Marine x3  
  197  15:53  Marine x2  
  197  15:54  Marine  
  200  15:58  Marine x2  
  200  16:00  Terran Vehicle Weapons Level 3  
  200  16:04  Sensor Tower  
  200  16:25  Sensor Tower  
  195  16:40  Siege Tank  
  195  16:47  Medivac  
  193  16:54  Siege Tank  
  193  16:57  Marine x4, Planetary Fortress  
  192  17:03  Marine x8  
  192  17:07  Medivac  
  191  17:10  Command Center  
  191  17:12  Siege Tank  
  188  17:20  Marine x2  
  188  17:21  Marine x4  
  183  17:24  Marine x4  
  183  17:25  Marine x4  
  183  17:26  Siege Tank  
  177  17:30  Marine  
  177  17:34  Medivac  
  173  17:37  Medivac  
  173  17:38  Marine x6  
  173  17:42  Marine x3  
  184  17:44  Siege Tank  
  184  17:46  Marine x5  
  184  17:48  Marine  
  187  17:56  Marine x6  
  193  17:58  Siege Tank  
  195  18:07  Marine x2  
  195  18:08  Marine x2  
  189  18:16  Siege Tank  
  184  18:20  Marine x6  
  174  18:32  Marine x8  
  159  18:39  Marine x4  
  159  18:40  Planetary Fortress  
  128  18:41  Marine  
  128  18:42  Marine  
  128  18:44  Marine  
  131  18:50  Marine  
  131  18:51  Refinery  
  131  18:53  Refinery  
  129  18:56  Marine x4  
  129  19:00  Marine x4  
  137  19:03  Marine x2  
  137  19:04  Marine  
  137  19:09  Marine x3  
  143  19:16  Marine x5  
  146  19:17  Marine  
  144  19:25  Medivac x2  
  148  19:33  Marine x5  
  149  19:42  Marine x4  
  149  19:44  Marine x2  
  139  19:54  Marine x2  
  139  19:55  Marine x3  
  139  19:59  Marine x2  
  129  20:16  Marine x2  
  66  21:22  Barracks Reactor  
  66  21:23  Barracks Reactor  
  63  21:26  Barracks Reactor  
  63  21:40  Refinery  
  63  21:41  Barracks, Refinery  
  60  21:56  Command Center  
  60  22:00  Command Center  
Show
View Real Time Build Order
Export as new Build Order

Clem Terran - Winner!

Build Orders:  

Get SALT Encoding   

  12  0:00  SCV  
  13  0:12  SCV  
  14  0:16  Supply Depot  
  14  0:24  SCV  
  15  0:38  SCV  
  15  0:40  Barracks  
  16  0:43  Refinery  
  16  0:50  SCV  
  16  0:52  Refinery  
  17  1:02  SCV  
  18  1:14  SCV  
  19  1:27  Orbital Command, Reaper  
  19  1:30  Supply Depot  
  20  1:42  Factory  
  20  1:52  SCV  
  21  1:59  Reaper  
  22  2:04  SCV  
  23  2:19  Command Center  
  23  2:22  SCV  
  24  2:27  Hellion  
  26  2:31  Reaper  
  26  2:34  SCV  
  28  2:38  Supply Depot  
  28  2:46  SCV  
  28  2:48  Hellion  
  31  2:54  Starport  
  31  3:00  SCV  
  31  3:03  Reaper  
  32  3:12  SCV, Hellion  
  35  3:24  SCV  
  32  3:36  Hellion, SCV  
  32  3:37  Reaper  
  34  3:46  Starport Tech Lab  
  34  3:48  SCV  
  34  3:49  Orbital Command  
  35  3:57  Factory Tech Lab  
  35  4:00  SCV  
  35  4:02  Command Center  
  36  4:09  Raven  
  38  4:14  SCV, Barracks Reactor  
  38  4:16  SCV  
  40  4:23  Cyclone  
  43  4:29  SCV x2  
  45  4:34  Refinery  
  45  4:41  SCV x2  
  45  4:44  Raven  
  49  4:45  Supply Depot  
  49  4:50  Marine  
  49  4:51  Marine  
  51  4:53  SCV  
  52  5:02  SCV  
  52  5:03  Siege Tank  
  50  5:08  Marine  
  50  5:09  SCV  
  50  5:11  Marine  
  50  5:14  Orbital Command, SCV  
  52  5:21  SCV  
  53  5:23  Barracks  
  53  5:26  SCV  
  54  5:29  Barracks  
  54  5:33  SCV  
  55  5:38  SCV, Viking, Siege Tank  
  55  5:41  SCV  
  62  5:43  Stimpack  
  62  5:48  SCV  
  63  5:50  Viking  
  63  5:51  Refinery  
  63  5:52  SCV  
  63  5:55  SCV  
  67  5:58  Marine  
  67  5:59  Supply Depot  
  67  6:00  SCV  
  67  6:04  SCV  
  70  6:11  Supply Depot  
  71  6:12  SCV  
  71  6:13  Viking  
  71  6:16  SCV, Marine  
  75  6:20  Viking  
  75  6:21  Siege Tank  
  75  6:24  Bunker  
  82  6:28  Supply Depot  
  82  6:32  Engineering Bay  
  82  6:36  Barracks Reactor x2  
  82  6:37  Marine  
  82  6:39  SCV  
  82  6:43  Supply Depot  
  82  6:44  Engineering Bay  
  82  6:45  Viking  
  84  6:50  Viking  
  84  6:51  SCV x3  
  89  6:56  Supply Depot  
  89  6:57  Siege Tank  
  92  7:02  Marine  
  93  7:09  Supply Depot  
  93  7:15  Marine x4  
  97  7:17  Barracks  
  97  7:18  Barracks  
  97  7:20  Marine  
  97  7:22  Terran Infantry Weapons Level 1, Supply Depot, Terran Infantry Armor Level 1  
  98  7:31  Medivac, Supply Depot  
  98  7:34  Marine x2, Siege Tank  
  98  7:35  Marine  
  98  7:36  Marine  
  107  7:38  Marine  
  107  7:43  Combat Shield  
  108  7:50  Supply Depot  
  108  7:52  Marine x2  
  108  7:53  Marine, Medivac  
  108  7:54  Marine  
  108  7:56  Marine  
  115  7:59  Supply Depot  
  115  8:03  Viking  
  117  8:06  Supply Depot  
  117  8:10  Marine x3, Siege Tank  
  117  8:11  Marine  
  126  8:19  Marine  
  126  8:20  Supply Depot  
  126  8:21  Barracks Reactor x2  
  126  8:23  Barracks x2  
  124  8:28  Barracks  
  124  8:32  Marine  
  125  8:34  Marine  
  125  8:36  Marine  
  125  8:39  Orbital Command  
  125  8:40  SCV x2  
  129  8:44  Marine  
  129  8:46  Marine  
  128  8:49  Marine  
  128  8:52  Marine, SCV  
  128  8:54  SCV, Marine  
  126  8:58  Marine x2  
  126  8:59  Marine x2  
  126  9:02  Marine  
  130  9:03  Marine  
  130  9:04  SCV  
  130  9:05  SCV  
  130  9:06  SCV  
  130  9:07  Marine, Siege Tank  
  137  9:10  Marine x2, Armory  
  137  9:12  Marine, Supply Depot  
  137  9:16  Marine x2, Barracks Reactor x2, SCV  
  137  9:17  Marine x2, SCV  
  143  9:18  SCV  
  143  9:21  Marine  
  148  9:28  SCV  
  148  9:29  SCV  
  143  9:32  Marine  
  143  9:33  SCV  
  143  9:34  Sensor Tower  
  143  9:36  Marine x3  
  143  9:37  Marine x2  
  147  9:39  Widow Mine, Medivac  
  147  9:40  Marine  
  147  9:42  Marine x3  
  147  9:43  SCV  
  156  9:47  Refinery  
  156  9:50  Marine  
  156  9:53  Medivac  
  156  9:55  Marine x4  
  156  9:56  Marine x2  
  156  9:59  Refinery  
  164  10:00  Marine  
  164  10:03  Siege Tank  
  168  10:08  Marine x3  
  168  10:09  Terran Infantry Weapons Level 2, Marine  
  168  10:13  Terran Infantry Armor Level 2  
  170  10:20  Terran Vehicle Weapons Level 1  
  161  10:24  Command Center  
  159  10:33  Marine  
  159  10:34  Marine x3  
  159  10:35  Siege Tank, Supply Depot  
  163  10:36  Marine x2  
  163  10:38  Marine  
  163  10:39  Marine  
  163  10:41  Marine  
  171  10:48  Marine x2  
  168  10:50  Marine x3  
  168  10:53  Supply Depot  
  168  10:55  Medivac  
  168  10:56  Marine, Medivac  
  176  10:59  Marine x3  
  176  11:02  Marine x2  
  181  11:05  Marine  
  181  11:09  Supply Depot  
  181  11:15  Siege Tank  
  181  11:18  Factory  
  184  11:19  Marine x2  
  184  11:22  Marine, Barracks Reactor  
  184  11:23  Marine x3  
  189  11:30  Marine x2  
  189  11:32  Liberator  
  194  11:33  Viking  
  196  11:40  SCV  
  196  11:45  Marine  
  196  11:52  Marine  
  196  11:53  Sensor Tower  
  197  11:54  Marine  
  197  11:57  Marine  
  197  11:59  Marine x4  
  197  12:00  Marine x2  
  200  12:07  Planetary Fortress  
  200  12:09  SCV  
  200  12:11  Command Center  
  200  12:12  SCV  
  200  12:14  Siege Tank  
  198  12:16  Marine x2  
  200  12:32  Terran Infantry Weapons Level 3, Refinery  
  200  12:33  Terran Infantry Armor Level 3, Terran Vehicle Weapons Level 2  
  200  12:34  Refinery  
  196  12:58  Marine, Siege Tank  
  196  12:59  Marine  
  196  13:01  Marine, Siege Tank  
  196  13:02  Marine x12  
  176  13:12  Liberator  
  174  13:16  Marine  
  174  13:17  Marine  
  174  13:19  Marine x3  
  177  13:20  Marine, Starport  
  176  13:29  Marine x5  
  176  13:30  Siege Tank  
  176  13:31  Marine x2  
  176  13:33  Cyclone  
  189  13:43  Marine x7  
  189  13:47  Liberator  
  189  13:48  Marine  
  191  13:49  Marine  
  191  13:51  Marine  
  189  13:59  Marine  
  189  14:00  Marine x3  
  189  14:01  Marine  
  178  14:03  Siege Tank  
  178  14:04  Planetary Fortress  
  178  14:05  Siege Tank  
  178  14:08  Liberator  
  181  14:11  SCV  
  181  14:13  SCV x2  
  181  14:15  SCV  
  181  14:16  Marine  
  186  14:25  Marine  
  187  14:33  Marine  
  187  14:35  Siege Tank  
  187  14:37  Siege Tank  
  194  14:38  Command Center  
  194  14:44  SCV x2  
  196  14:45  Viking  
  196  14:46  SCV  
  196  14:47  Missile Turret  
  198  14:52  Marine  
  198  14:53  Marine  
  200  15:04  Sensor Tower  
  200  15:06  Missile Turret  
  196  15:15  Liberator  
  199  15:33  Command Center  
  192  15:35  Siege Tank  
  192  15:36  Liberator x2  
  192  15:37  Marine x14  
  192  15:39  Marine  
  187  15:49  Siege Tank  
  190  15:51  Terran Vehicle Weapons Level 3  
  190  15:54  Marine x2  
  190  15:55  Marine  
  190  15:56  Marine x2  
  189  15:58  Liberator  
  189  15:59  Marine  
  189  16:03  Orbital Command  
  193  16:06  Marine  
  193  16:07  Siege Tank  
  197  16:12  Fusion Core  
  197  16:15  Refinery  
  197  16:17  Neosteel Armor  
  197  16:21  Siege Tank  
  200  16:36  Missile Turret, Command Center  
  200  16:38  Liberator  
  199  16:44  Liberator  
  199  16:45  Siege Tank  
  200  16:50  Starport Reactor  
  200  16:54  Marine  
  197  17:01  Marine x2  
  195  17:02  Marine x3  
  195  17:03  Marine, Siege Tank  
  195  17:04  Marine x2  
  199  17:12  Marine  
  200  17:21  Marine  
  195  17:24  Siege Tank  
  194  17:31  Marine x6  
  199  17:39  Orbital Command, Marine  
  199  17:41  Marine  
  196  17:47  Marine  
  196  17:48  Marine x3  
  200  17:54  Advanced Ballistics  
  200  18:01  Marine, Sensor Tower  
  200  18:15  Liberator  
  200  18:16  Marine x2, Siege Tank  
  200  18:17  Marine x2  
  200  18:18  Marine x3  
  200  18:19  Marine  
  200  18:24  Viking  
  199  18:33  Siege Tank  
  199  18:34  Marine x5  
  187  18:35  Marine x6  
  193  18:43  Command Center  
  193  18:48  Marine  
  193  18:51  Siege Tank  
  193  18:53  Marine x3, Terran Vehicle And Ship Armor Level 1  
  200  19:06  Command Center  
  200  19:11  Refinery x2  
  200  19:17  Orbital Command  
  200  19:19  Refinery  
  200  19:35  Marine x2, Siege Tank  
  200  19:36  Marine  
  200  19:37  Marine  
  199  19:44  Siege Tank  
  193  19:46  Marine x7  
  193  19:50  Marine  
  193  19:51  Marine x2  
  200  19:59  Marine  
  183  20:01  Marine  
  170  20:07  Orbital Command  
  170  20:08  Marine x11, Siege Tank  
  170  20:09  Marine x2  
  171  20:17  Marine  
  171  20:19  Marine  
  170  20:26  Marine x5  
  172  20:38  Marine x2  
  174  20:44  Siege Tank x2  
  174  20:48  Medivac  
  168  20:58  Marine  
  168  21:00  Orbital Command  
  168  21:02  Orbital Command  
  154  21:21  Siege Tank  
  160  21:25  Siege Tank  
Tags
 
Add a new tag
Caveats
  • Supply blocks, unpowered buildings, or Contaminate may cause inaccurate times.
  • Supply counts are checked every 10 seconds.